 Dungeon Crawl Stone Soup version 0.31-a0-319-g4fced400ed (webtiles) character file.

Game seed: 14396771016937449084

28167 Maratek the Brawler (level 13, -7/180 HPs)
             Began as a Troll Berserker on July 17, 2023.
             Was an Elder of Trog.
             Mangled by Sonja
             ... wielding a +2 short sword of distortion
              (24 damage)
             ... on level 4 of the Lair of Beasts.
             The game lasted 00:40:46 (11307 turns).

Maratek the Brawler (Troll Berserker)              Turns: 11307, Time: 00:40:47

Health: -7/180     AC: 10    Str: 28    XL:     13   Next: 8%
Magic:  12/12      EV: 17    Int:  5    God:    Trog [****..]
Gold:   732        SH:  5    Dex: 11    Spells: 12/12 levels left

rFire   + .          .
                       - Unarmed
rCold   x . .        (no shield)
rNeg    . . .        F - +2 troll leather armour
rPois   .            (helmet restricted)
rElec   .            x - +0 cloak
rCorr   .            (gloves unavailable)
SInv    .            (boots unavailable)
Will    ++...        E - amulet of reflection Stlth
                     n - +5 ring of evasion
HPRegen 3.10/turn    K - ring of fire
MPRegen 0.13/turn

%: reflection
@: berserking, lethally poisoned (-7 -> -8), strong-willed, regenerating, slowed
A: large, unfitting armour, claws 3, regeneration 1, shaggy fur 1, tough skin 1
a: Renounce Religion, Berserk, Trog's Hand, Brothers in Arms


You were on level 4 of the Lair of Beasts.
You worshipped Trog.
Trog was greatly pleased with you.
You visited 3 branches of the dungeon, and saw 15 of its levels.

You collected 732 gold pieces.

Inventory:

Armour
 x - a +0 cloak (worn)
 F - a +2 troll leather armour (worn)
Jewellery
 n - a +5 ring of evasion (left claw)
 E - an amulet of reflection (around neck)
 J - a +6 ring of intelligence
 K - a ring of fire (right claw)
Wands
 m - a wand of flame (11)
 A - a wand of polymorph (10)
 D - a wand of digging (3)
 G - a wand of light (5)
 H - a wand of roots (12)
Scrolls
 a - 2 scrolls of amnesia
 c - 3 scrolls of enchant weapon
 f - a scroll of revelation
 i - a scroll of identify
 k - 3 scrolls of blinking
 s - 2 scrolls of fear
 u - 2 scrolls of immolation
 y - a scroll of torment {unknown}
 z - 6 scrolls of teleportation
 C - a scroll of vulnerability {unknown}
 I - a scroll of silence {unknown}
Potions
 b - a potion of magic {unknown}
 d - 8 potions of curing
 e - 2 potions of mutation
 g - 5 potions of enlightenment
 h - 2 potions of heal wounds
 l - 3 potions of lignification {unknown}
 o - a potion of cancellation {unknown}
 p - a potion of attraction {unknown}
 q - 2 potions of haste {unknown}
 r - a potion of might {unknown}
 t - a potion of invisibility {unknown}
 w - a potion of ambrosia {unknown}
 B - a potion of degeneration {unknown}
Miscellaneous
 j - a phantom mirror


   Skills:
 + Level 6.2 Fighting
 + Level 4.5 Armour
 + Level 8.6 Dodging
 + Level 3.2 Stealth
 + Level 3.6 Shields
 + Level 16.8 Unarmed Combat


You had 12 spell levels left.
You didn't know any spells.
Your spell library was empty.

Dungeon Overview and Level Annotations

Branches:
Dungeon (10/15)            Temple (0/1) D:7            Lair (4/5) D:8
 Shoals (1/4) Lair:2        Snake (0/4) Lair:3
  Slime: Lair:4-5       Orc: D:9-12

Altars:
Cheibriados
Gozag
Hepliaklqana
Makhleb
Qazlal
Ru
Sif Muna
Trog
Wu Jian

Shops:
D:6 :

Portals:
Bazaar: Shoals:1

Annotations:
D:6 1 runed translucent door, FlatIsJustice's ghost, novice DEFE
D:8 3 runed translucent doors
D:9 2 runed translucent doors, flestrin's ghost, journeyman TeCj
Lair:4 Sonja


Innate Abilities, Weirdness & Mutations

You are too large for most types of armour.
You have claws for hands.
Your natural rate of healing is unusually fast.
You are covered in fur. (AC +1)
You have tough skin. (AC +1)


Message History

The wolf bites you!
* * * LOW HITPOINT WARNING * * *
The wolf bites you but does no damage.
Your ogre closely misses the wolf.
The wolf bites you.
* * * LOW HITPOINT WARNING * * *
The bullfrog hits you but does no damage.
The wolf closely misses you. The wolf bites you!
* * * LOW HITPOINT WARNING * * *
You block the bullfrog's attack. The wolf bites your ogre.
The wolf completely misses you.
You barely miss the bullfrog.
You feel very sick. The wolf misses you. You block the wolf's attack.
The wolf bites your ogre!
Your ogre hits the wolf with a +0 giant club!
You block the wolf's attack. The wolf barely misses you.
You completely miss Sonja. Your claw misses Sonja.
Sonja is moderately wounded.
You feel sick. The wolf bites your ogre. The wolf bites your ogre!
The wolf bites you.
* * * LOW HITPOINT WARNING * * *
The wolf closely misses you.
Your ogre hits the wolf with a +0 giant club!!
The wolf dies!
Trog accepts your kill.
You barely miss Sonja.
Sonja is moderately wounded.
You feel sick. The wolf misses you.
Sonja says, "Someone hired me to kill you, but I'm not supposed to say who."
You block Sonja's attack.
Sonja hits you with a +2 short sword of distortion!
* * * LOW HITPOINT WARNING * * *
You block Sonja's attack. The wolf completely misses you.
The bullfrog closely misses you.
You closely miss Sonja. Your claw misses Sonja.
Sonja is moderately wounded.
You feel sick. The wolf barely misses you. The wolf bites you.
* * * LOW HITPOINT WARNING * * *
The wolf bites you but does no damage. Sonja hits you but does no damage.
Space warps horribly around you!!
You die...

.........##.........###
.#.........?..........##
..#.......#.............
...................#....
...#....................
....................^...
........................
#....###.......FKh.....#
....# ##.......@h....##
#......hO.....#
#............##
#............#
#...........$#
#.............#
#............##
.............#


You could see Sonja, 3 wolves, a bullfrog and a friendly ogre (summoned,
berserk).

Vanquished Creatures
  Harold (D:9)
  2 hydras
  A boulder beetle (Lair:4)
  2 two-headed ogres
  3 skysharks
  A sea snake (Shoals:1)
  A lindwurm (Lair:3)
  A harpy (Shoals:1)
  Maurice (D:8)
  10 cane toads
  3 black mambas (Lair:2)
  3 rime drakes
  2 komodo dragons
  3 merfolk (Shoals:1)
  A polar bear (Lair:1)
  A troll (D:9)
  A hornet (D:7)
  Prince Ribbit (D:5)
  9 blink frogs
  6 dream sheep (Lair:4)
  Sigmund (D:3)
  2 wyverns
  5 basilisks
  27 yaks
  Menkaure (D:6)
  3 steam dragons
  11 water moccasins
  An orc warrior (D:9)
  3 sky beasts
  2 ice beasts
  4 black bears
  An ogre (D:4)
  3 wolves
  2 centaurs
  2 phantoms
  2 kobold brigands (D:9)
  8 bullfrogs
  2 gnoll sergeants (D:9)
  5 scorpions
  13 killer bees
  3 electric eels
  4 howler monkeys
  2 hounds
  3 iron imps (D:3)
  2 orc priests
  3 iguanas
  A sleepcap (D:5)
  4 orc wizards
  7 hell rats (Lair:3)
  7 adders
  9 gnolls
  A white imp (D:8)
  4 ufetubi
  2 worms (D:2)
  A dart slug (D:1)
  18 orcs
  7 endoplasms
  8 giant cockroaches
  5 goblins
  6 hobgoblins
  9 kobolds
  4 quokkas
  6 ball pythons
  7 bats
  3 frilled lizards
  5 rats
282 creatures vanquished.

Vanquished Creatures (collateral kills)
  A hydra (Lair:3)
  A yak (Lair:2)
  4 wolves
6 creatures vanquished.

Grand Total: 288 creatures vanquished

Notes
Turn   | Place    | Note
-------+----------+-------------------------------------------
     0 | D:1      | Maratek the Troll Berserker began the quest for the Orb.
     0 | D:1      | Reached XP level 1. HP: 22/22 MP: 0/0
   169 | D:1      | Reached XP level 2. HP: 29/29 MP: 1/1
   516 | D:1      | Reached ** piety under Trog
   517 | D:1      | Reached XP level 3. HP: 36/36 MP: 2/2
   930 | D:2      | Reached skill level 4 in Unarmed Combat
   939 | D:2      | Reached XP level 4. HP: 44/44 MP: 3/3
  1279 | D:2      | Found a faded altar of an unknown god.
  1560 | D:3      | Noticed Sigmund
  1575 | D:3      | Killed Sigmund
  1576 | D:3      | Reached skill level 5 in Unarmed Combat
  1576 | D:3      | Reached XP level 5. HP: 52/52 MP: 4/4
  1599 | D:3      | Found a burning altar of Makhleb.
  1618 | D:3      | Reached XP level 6. HP: 41/61 MP: 5/5
  2410 | D:3      | Found a shimmering blue altar of Sif Muna.
  2724 | D:4      | Reached *** piety under Trog
  2729 | D:4      | Reached skill level 6 in Unarmed Combat
  2757 | D:4      | Reached XP level 7. HP: 67/67 MP: 6/6
  2944 | D:4      | Found a sacrificial altar of Ru.
  3108 | D:5      | Entered Level 5 of the Dungeon
  3108 | D:5      | Noticed Prince Ribbit
  3138 | D:5      | Killed Prince Ribbit
  3139 | D:5      | Reached skill level 7 in Unarmed Combat
  3474 | D:5      | Found a stormy altar of Qazlal.
  3764 | D:5      | Reached XP level 8. HP: 74/75 MP: 7/7
  4022 | D:6      | Reached skill level 8 in Unarmed Combat
  4030 | D:6      | Found a bloodstained altar of Trog.
  4060 | D:6      | Found a runed translucent door.
  4063 | D:6      | Noticed FlatIsJustice's ghost (novice DEFE)
  4106 | D:6      | Found an ornate altar of the Wu Jian Council.
  4122 | D:6      | Reached skill level 1 in Stealth
  4161 | D:6      | Reached skill level 5 in Dodging
  4242 | D:6      | Found an opulent altar of Gozag.
  4274 | D:6      | Found Omug's Book Shop.
  4454 | D:6      | Noticed Menkaure
  4465 | D:6      | Reached skill level 9 in Unarmed Combat
  4465 | D:6      | Killed Menkaure
  4541 | D:6      | Found a snail-covered altar of Cheibriados.
  4670 | D:7      | Noticed a hornet
  4676 | D:7      | Paralysed by a hornet for 3 turns
  4681 | D:7      | Killed a hornet
  4682 | D:7      | Reached XP level 9. HP: 9/84 MP: 8/8
  4879 | D:7      | Found a staircase to the Ecumenical Temple.
  5136 | D:7      | Identified the +2 dagger "Hellblazer" {holy, rPois Str+6
                  | Int+2}
  5168 | D:7      | Reached skill level 10 in Unarmed Combat
  5658 | D:8      | Noticed a two-headed ogre
  5662 | D:8      | Killed a two-headed ogre
  5723 | D:8      | Found a hazy altar of Hepliaklqana.
  5795 | D:8      | Reached skill level 11 in Unarmed Combat
  5842 | D:8      | Reached XP level 10. HP: 79/94 MP: 9/9
  5874 | D:8      | Reached skill level 12 in Unarmed Combat
  5999 | D:8      | Found a staircase to the Lair.
  6021 | D:8      | Reached **** piety under Trog
  6060 | D:8      | Found a runed translucent gate.
  6060 | D:8      | Found a runed translucent gate.
  6063 | D:8      | Found a runed translucent gate.
  6108 | D:8      | Found an opulent altar of Gozag.
  6114 | D:8      | Noticed Maurice
  6127 | D:8      | Killed Maurice
  6146 | D:8      | Reached skill level 13 in Unarmed Combat
  6318 | D:9      | Found a large runed translucent door.
  6318 | D:9      | Found a large runed translucent door.
  6338 | D:9      | Noticed flestrin's ghost (journeyman TeCj)
  6529 | D:9      | Noticed Harold
  6546 | D:9      | Killed Harold
  6547 | D:9      | Reached XP level 11. HP: 83/101 MP: 10/10
  6595 | D:9      | Noticed a two-headed ogre
  6603 | D:9      | Killed a two-headed ogre
  6608 | D:9      | Reached skill level 1 in Armour
  6676 | D:9      | Reached skill level 5 in Fighting
  6806 | D:9      | Reached skill level 1 in Shields
  7112 | D:10     | Entered Level 10 of the Dungeon
  7222 | Lair:1   | Entered Level 1 of the Lair of Beasts
  7247 | Lair:1   | Reached skill level 14 in Unarmed Combat
  7662 | Lair:1   | Reached ***** piety under Trog
  8138 | Lair:2   | Noticed a skyshark
  8151 | Lair:2   | Killed a skyshark
  8470 | Lair:2   | Reached skill level 15 in Unarmed Combat
  8543 | Lair:2   | Reached XP level 12. HP: 103/111 MP: 11/11
  8889 | Lair:2   | Noticed a five-headed hydra
  8901 | Lair:2   | Killed a 12-headed hydra
  9122 | Lair:2   | Found a staircase to the Shoals.
  9194 | Shoals:1 | Entered Level 1 of the Shoals
  9281 | Shoals:1 | Found a flickering gateway to a bazaar.
  9486 | Lair:2   | Reached skill level 16 in Unarmed Combat
 10159 | Lair:3   | Found a staircase to the Snake Pit.
 10462 | Lair:3   | Noticed a seven-headed hydra
 10474 | Lair:3   | Killed an 11-headed hydra
 10949 | Lair:4   | Noticed a boulder beetle
 10957 | Lair:4   | Killed a boulder beetle
 10958 | Lair:4   | Reached XP level 13. HP: 120/120 MP: 12/12
 11293 | Lair:4   | Noticed Sonja
 11307 | Lair:4   | Mangled by Sonja

Illustrated notes

Levels and vault maps discovered:
D:1:      amcnicky_arrival_single_pillar, layout_loops_ring, serial_forest,
          infiniplex_forest_clump_double, infiniplex_forest_straight_2,
          infiniplex_forest_clump_tiny, infiniplex_forest_clump_C,
          infiniplex_forest_clump_tiny
D:2:      layout_loops_ring, nicolae_ecumenical_lake_church
D:3:      layout_basic, nicolae_sif_muna_condensation, demons_altar,
          dreamdust_princess_bridge, lemuel_flame_loot_1, uniq_sigmund
D:4:      layout_rooms, nicolae_ru_the_path_less_chosen
D:5:      layout_gridville, nicolae_overflow_hidden_temple, uniq_grinder,
          uniq_prince_ribbit1
D:6:      layout_basic, bloody_trog, mainiacjoe_overflow_boulevard,
          grunt_gozag_breadcrumbs, mainiacjoe_overflow_chevrons, serial_shops,
          shop, serial_bayou, serial_bayou_shore_a, serial_bayou_ford_a,
          serial_bayou_pond_d, serial_bayou_pond_e, ebering_ghost_sewer_d,
          uniq_menkaure
D:7:      layout_basic, minmay_temple_entry_glassed_door
D:8:      layout_basic, lemuel_tele_altar, nicolae_hepliaklqana_hippocampus,
          minmay_lair_entry_grove, serial_ice, serial_ice_h, serial_ice_f,
          serial_ice_m, serial_ice_c, ebering_ghost_gozag,
          chequers_serial_rivers_marsh, kennysheep_generic_room_9, uniq_maurice
D:9:      layout_small_grid, ebering_ghost_disaster_area, minmay_quadrilaterals,
          uniq_harold
D:10:     layout_basic, mainiacjoe_overflow_small_starburst, tso_oasis_becter,
          kennysheep_donut
Lair:1:   layout_chaotic_city, chequers_serial_rivers_room_a,
          gammafunk_lair_bear_cave, grunt_megastairs_2
Lair:2:   layout_small_grid, elwin_shoals_entry_rocks, minivault_11
Lair:3:   layout_gridlike, dummy_snake_entry, pdpol_lair_cavern_descent,
          infiniplex_staircase_pool_2, lemuel_fruit_fields
Lair:4:   layout_hall_layers, slime_entry_2, nicolae_volcano_entry_lava_flow,
          minivault_19, uniq_sonja
Shoals:1: layout_shoals, ebering_ghost_davey_jones, serial_shops,
          bzr_entry_water, shop, nicolae_shop_window_shopping

Skill      XL: |  1  2  3  4  5  6  7  8  9 10 11 12 |
---------------+-------------------------------------+-----
Unarmed Combat | 4 5 6 7 9 11 13 15 16 | 16.8
Dodging        | 3 4 5 6 7 8 |  8.6
Fighting       | 3 4 5 6 |  6.2
Stealth        | 1 2 3 |  3.2
Armour         | 3 4 |  4.5
Shields        | 1 3 |  3.6

Action                     |  1- 3 |  4- 6 |  7- 9 | 10-12 | 13-15 || total
---------------------------+-------+-------+-------+-------+-------++-------
  Melee: Unarmed           |   100 |   112 |   176 |   552 |    21 ||   961
         Punch             |     1 |     2 |     5 |    47 |       ||    55
 Invoke: Berserk           |       |     1 |     4 |     5 |     2 ||    12
         Trog's Hand       |       |       |     2 |     2 |     1 ||     5
         Brothers in Arms  |       |       |       |     1 |     1 ||     2
  Evoke: Phantom mirror    |       |       |       |     1 |       ||     1
    Use: Scroll            |       |       |     6 |     4 |     6 ||    16
   Stab: Sleeping          |       |       |     2 |     3 |       ||     5
 Armour: Animal skin       |    59 |     9 |       |       |       ||    68
         Robe              |       |    22 |    33 |    15 |       ||    70
         Troll leather arm |       |       |       |    68 |    16 ||    84
  Dodge: Dodged            |    69 |    57 |   130 |   407 |    35 ||   698
  Block: Other             |       |       |       |    91 |    12 ||   103
         Reflection        |       |       |       |       |     1 ||     1

Table legend: (Time is in decaauts)
 A = Elapsed time spent in this place.
 B = Non-inter-level travel time spent in this place.
 C = Inter-level travel time spent in this place.
 D = Time resting spent in this place.
 E = Time spent auto-exploring this place.
 F = Levels seen in this place.
 G = Mean time per level.
                   A        B        C        D        E       F      G
               +--------+--------+--------+--------+--------+-----+--------+
         Total |  11235 |  11164 |     71 |   1195 |   6401 |  15 |  749.0 |
       Dungeon |   7208 |   7184 |     24 |    456 |   4548 |  10 |  720.8 |
          Lair |   3920 |   3873 |     47 |    695 |   1853 |   4 |  980.0 |
        Shoals |    106 |    106 |      0 |     44 |      0 |   1 |  106.0 |
               +--------+--------+--------+--------+--------+-----+--------+

Top non-repeatable levels by time:
  Lair:2: 1602 daAuts
     D:3: 1072 daAuts
     D:7: 958 daAuts
  Lair:3: 930 daAuts
     D:5: 919 daAuts
  Lair:1: 872 daAuts
     D:9: 863 daAuts
     D:2: 797 daAuts
     D:1: 719 daAuts
     D:8: 712 daAuts
     D:6: 647 daAuts
  Lair:4: 515 daAuts
     D:4: 511 daAuts
Shoals:1: 106 daAuts
    D:10: 7 daAuts
